Workbook

Sheet Cuadro ventas
A1: CUADRO VENTAS
A4: Canal | B4: Todos | D4: Año | E4: 2025 | H4: Panel basado en datos de ejemplo. Cambia el canal para filtrar el cuadro de ventas.
A5: Ingresos totales | E5: Coste total | I5: Ganancia | N5: Margen
A6: =X2 -> 0 | E6: =Y2 -> 0 | I6: =Z2 -> 0 | N6: =AA2 -> 0
A8: Servicio | B8: Coste total | H8: Servicio | I8: Ingresos | N8: Servicio | O8: Ganancia
A9: Inglés Intensivo | B9: =IF($B$4="Todos",SUMIFS(Datos!K:K,Datos!E:E,$A9),SUMIFS(Datos!K:K,Datos!E:E,$A9,Datos!F:F,$B$4)) -> 65404 | H9: Inglés Intensivo | I9: =IF($B$4="Todos",SUMIFS(Datos!J:J,Datos!E:E,$H9),SUMIFS(Datos!J:J,Datos!E:E,$H9,Datos!F:F,$B$4)) -> 198520 | N9: Inglés Intensivo | O9: =IF($B$4="Todos",SUMIFS(Datos!L:L,Datos!E:E,$N9),SUMIFS(Datos!L:L,Datos!E:E,$N9,Datos!F:F,$B$4)) -> 133116
A10: Francés Conversación | B10: =IF($B$4="Todos",SUMIFS(Datos!K:K,Datos!E:E,$A10),SUMIFS(Datos!K:K,Datos!E:E,$A10,Datos!F:F,$B$4)) -> 42136 | H10: Francés Conversación | I10: =IF($B$4="Todos",SUMIFS(Datos!J:J,Datos!E:E,$H10),SUMIFS(Datos!J:J,Datos!E:E,$H10,Datos!F:F,$B$4)) -> 125360 | N10: Francés Conversación | O10: =IF($B$4="Todos",SUMIFS(Datos!L:L,Datos!E:E,$N10),SUMIFS(Datos!L:L,Datos!E:E,$N10,Datos!F:F,$B$4)) -> 83224
A11: Pronunciación Express | B11: =IF($B$4="Todos",SUMIFS(Datos!K:K,Datos!E:E,$A11),SUMIFS(Datos!K:K,Datos!E:E,$A11,Datos!F:F,$B$4)) -> 28721 | H11: Pronunciación Express | I11: =IF($B$4="Todos",SUMIFS(Datos!J:J,Datos!E:E,$H11),SUMIFS(Datos!J:J,Datos!E:E,$H11,Datos!F:F,$B$4)) -> 111865 | N11: Pronunciación Express | O11: =IF($B$4="Todos",SUMIFS(Datos!L:L,Datos!E:E,$N11),SUMIFS(Datos!L:L,Datos!E:E,$N11,Datos!F:F,$B$4)) -> 83144
A12: Club Speaking | B12: =IF($B$4="Todos",SUMIFS(Datos!K:K,Datos!E:E,$A12),SUMIFS(Datos!K:K,Datos!E:E,$A12,Datos!F:F,$B$4)) -> 19223 | H12: Club Speaking | I12: =IF($B$4="Todos",SUMIFS(Datos!J:J,Datos!E:E,$H12),SUMIFS(Datos!J:J,Datos!E:E,$H12,Datos!F:F,$B$4)) -> 89880 | N12: Club Speaking | O12: =IF($B$4="Todos",SUMIFS(Datos!L:L,Datos!E:E,$N12),SUMIFS(Datos!L:L,Datos!E:E,$N12,Datos!F:F,$B$4)) -> 70657
A13: Pack Examen B2 | B13: =IF($B$4="Todos",SUMIFS(Datos!K:K,Datos!E:E,$A13),SUMIFS(Datos!K:K,Datos!E:E,$A13,Datos!F:F,$B$4)) -> 56158 | H13: Pack Examen B2 | I13: =IF($B$4="Todos",SUMIFS(Datos!J:J,Datos!E:E,$H13),SUMIFS(Datos!J:J,Datos!E:E,$H13,Datos!F:F,$B$4)) -> 155430 | N13: Pack Examen B2 | O13: =IF($B$4="Todos",SUMIFS(Datos!L:L,Datos!E:E,$N13),SUMIFS(Datos!L:L,Datos!E:E,$N13,Datos!F:F,$B$4)) -> 99272
A14: Mentoría 1:1 | B14: =IF($B$4="Todos",SUMIFS(Datos!K:K,Datos!E:E,$A14),SUMIFS(Datos!K:K,Datos!E:E,$A14,Datos!F:F,$B$4)) -> 47616 | H14: Mentoría 1:1 | I14: =IF($B$4="Todos",SUMIFS(Datos!J:J,Datos!E:E,$H14),SUMIFS(Datos!J:J,Datos!E:E,$H14,Datos!F:F,$B$4)) -> 124850 | N14: Mentoría 1:1 | O14: =IF($B$4="Todos",SUMIFS(Datos!L:L,Datos!E:E,$N14),SUMIFS(Datos!L:L,Datos!E:E,$N14,Datos!F:F,$B$4)) -> 77234
A22: Mes | B22: Ingresos | H22: Categoría | I22: Ventas | K22: Indicador | L22: Valor
A23: Enero | B23: =IF($B$4="Todos",SUMIFS(Datos!J:J,Datos!B:B,$A23),SUMIFS(Datos!J:J,Datos!B:B,$A23,Datos!F:F,$B$4)) -> 69890 | H23: Programas | I23: =IF($B$4="Todos",SUMIFS(Datos!J:J,Datos!D:D,$H23),SUMIFS(Datos!J:J,Datos!D:D,$H23,Datos!F:F,$B$4)) -> 323880 | K23: Unidades | L23: =IF($B$4="Todos",SUM(Datos!G:G),SUMIFS(Datos!G:G,Datos!F:F,$B$4)) -> 4454
A24: Febrero | B24: =IF($B$4="Todos",SUMIFS(Datos!J:J,Datos!B:B,$A24),SUMIFS(Datos!J:J,Datos!B:B,$A24,Datos!F:F,$B$4)) -> 67655 | H24: Talleres | I24: =IF($B$4="Todos",SUMIFS(Datos!J:J,Datos!D:D,$H24),SUMIFS(Datos!J:J,Datos!D:D,$H24,Datos!F:F,$B$4)) -> 111865 | K24: Ticket medio | L24: =IFERROR(B28/L23,0) -> 15.565784
A25: Marzo | B25: =IF($B$4="Todos",SUMIFS(Datos!J:J,Datos!B:B,$A25),SUMIFS(Datos!J:J,Datos!B:B,$A25,Datos!F:F,$B$4)) -> 76535 | H25: Membresías | I25: =IF($B$4="Todos",SUMIFS(Datos!J:J,Datos!D:D,$H25),SUMIFS(Datos!J:J,Datos!D:D,$H25,Datos!F:F,$B$4)) -> 89880 | K25: Servicio líder | L25: =INDEX(H9:H14,MATCH(MAX(I9:I14),I9:I14,0)) -> Inglés Intensivo
A26: Abril | B26: =IF($B$4="Todos",SUMIFS(Datos!J:J,Datos!B:B,$A26),SUMIFS(Datos!J:J,Datos!B:B,$A26,Datos!F:F,$B$4)) -> 72655 | H26: Certificación | I26: =IF($B$4="Todos",SUMIFS(Datos!J:J,Datos!D:D,$H26),SUMIFS(Datos!J:J,Datos!D:D,$H26,Datos!F:F,$B$4)) -> 155430
A27: Mayo | B27: =IF($B$4="Todos",SUMIFS(Datos!J:J,Datos!B:B,$A27),SUMIFS(Datos!J:J,Datos!B:B,$A27,Datos!F:F,$B$4)) -> 76550 | H27: Mentorías | I27: =IF($B$4="Todos",SUMIFS(Datos!J:J,Datos!D:D,$H27),SUMIFS(Datos!J:J,Datos!D:D,$H27,Datos!F:F,$B$4)) -> 124850
A28: Junio | B28: =IF($B$4="Todos",SUMIFS(Datos!J:J,Datos!B:B,$A28),SUMIFS(Datos!J:J,Datos!B:B,$A28,Datos!F:F,$B$4)) -> 69330 | E28: =IF($B$4="Todos",SUM(Datos!K:K),SUMIFS(Datos!K:K,Datos!F:F,$B$4)) -> 259258 | H28: =B28-E28 -> -189928 | K28: =IFERROR(H28/B28,0) -> -2.7394779
A29: Julio | B29: =IF($B$4="Todos",SUMIFS(Datos!J:J,Datos!B:B,$A29),SUMIFS(Datos!J:J,Datos!B:B,$A29,Datos!F:F,$B$4)) -> 62965
A30: Agosto | B30: =IF($B$4="Todos",SUMIFS(Datos!J:J,Datos!B:B,$A30),SUMIFS(Datos!J:J,Datos!B:B,$A30,Datos!F:F,$B$4)) -> 62730
A31: Septiembre | B31: =IF($B$4="Todos",SUMIFS(Datos!J:J,Datos!B:B,$A31),SUMIFS(Datos!J:J,Datos!B:B,$A31,Datos!F:F,$B$4)) -> 61815
A32: Octubre | B32: =IF($B$4="Todos",SUMIFS(Datos!J:J,Datos!B:B,$A32),SUMIFS(Datos!J:J,Datos!B:B,$A32,Datos!F:F,$B$4)) -> 60390
A33: Noviembre | B33: =IF($B$4="Todos",SUMIFS(Datos!J:J,Datos!B:B,$A33),SUMIFS(Datos!J:J,Datos!B:B,$A33,Datos!F:F,$B$4)) -> 62345
A34: Diciembre | B34: =IF($B$4="Todos",SUMIFS(Datos!J:J,Datos!B:B,$A34),SUMIFS(Datos!J:J,Datos!B:B,$A34,Datos!F:F,$B$4)) -> 63045
A36: Uso recomendado: edita o amplía la tabla de 'Datos' y el panel se actualizará automáticamente. El filtro por canal permite revisar el cuadro de ventas por origen comercial.

Sheet Datos
A1: Año | B1: Mes | C1: Nº mes | D1: Categoría | E1: Servicio | F1: Canal | G1: Unidades | H1: Precio unitario (€) | I1: Coste unitario (€) | J1: Ingresos (€) | K1: Coste total (€) | L1: Ganancia (€)
A2: 2025 | B2: Enero | C2: 1 | D2: Programas | E2: Inglés Intensivo | F2: Web | G2: 16 | H2: 295 | I2: 93 | J2: =G2*H2 -> 4720 | K2: =G2*I2 -> 1488 | L2: =J2-K2 -> 3232
A3: 2025 | B3: Enero | C3: 1 | D3: Programas | E3: Inglés Intensivo | F3: Referidos | G3: 11 | H3: 290 | I3: 95 | J3: =G3*H3 -> 3190 | K3: =G3*I3 -> 1045 | L3: =J3-K3 -> 2145
A4: 2025 | B4: Enero | C4: 1 | D4: Programas | E4: Inglés Intensivo | F4: Empresas | G4: 8 | H4: 290 | I4: 95 | J4: =G4*H4 -> 2320 | K4: =G4*I4 -> 760 | L4: =J4-K4 -> 1560
A5: 2025 | B5: Enero | C5: 1 | D5: Programas | E5: Inglés Intensivo | F5: Redes | G5: 14 | H5: 285 | I5: 95 | J5: =G5*H5 -> 3990 | K5: =G5*I5 -> 1330 | L5: =J5-K5 -> 2660
A6: 2025 | B6: Enero | C6: 1 | D6: Programas | E6: Francés Conversación | F6: Web | G6: 16 | H6: 235 | I6: 78 | J6: =G6*H6 -> 3760 | K6: =G6*I6 -> 1248 | L6: =J6-K6 -> 2512
A7: 2025 | B7: Enero | C7: 1 | D7: Programas | E7: Francés Conversación | F7: Referidos | G7: 12 | H7: 235 | I7: 84 | J7: =G7*H7 -> 2820 | K7: =G7*I7 -> 1008 | L7: =J7-K7 -> 1812
A8: 2025 | B8: Enero | C8: 1 | D8: Programas | E8: Francés Conversación | F8: Empresas | G8: 7 | H8: 235 | I8: 80 | J8: =G8*H8 -> 1645 | K8: =G8*I8 -> 560 | L8: =J8-K8 -> 1085
A9: 2025 | B9: Enero | C9: 1 | D9: Programas | E9: Francés Conversación | F9: Redes | G9: 15 | H9: 240 | I9: 80 | J9: =G9*H9 -> 3600 | K9: =G9*I9 -> 1200 | L9: =J9-K9 -> 2400
A10: 2025 | B10: Enero | C10: 1 | D10: Talleres | E10: Pronunciación Express | F10: Web | G10: 25 | H10: 120 | I10: 26 | J10: =G10*H10 -> 3000 | K10: =G10*I10 -> 650 | L10: =J10-K10 -> 2350
A11: 2025 | B11: Enero | C11: 1 | D11: Talleres | E11: Pronunciación Express | F11: Referidos | G11: 23 | H11: 105 | I11: 28 | J11: =G11*H11 -> 2415 | K11: =G11*I11 -> 644 | L11: =J11-K11 -> 1771
A12: 2025 | B12: Enero | C12: 1 | D12: Talleres | E12: Pronunciación Express | F12: Empresas | G12: 16 | H12: 110 | I12: 28 | J12: =G12*H12 -> 1760 | K12: =G12*I12 -> 448 | L12: =J12-K12 -> 1312
A13: 2025 | B13: Enero | C13: 1 | D13: Talleres | E13: Pronunciación Express | F13: Redes | G13: 24 | H13: 120 | I13: 26 | J13: =G13*H13 -> 2880 | K13: =G13*I13 -> 624 | L13: =J13-K13 -> 2256
... A289: 2025 | B289: Diciembre | C289: 12 | D289: Mentorías | E289: Mentoría 1:1 | F289: Redes | G289: 9 | H289: 415 | I289: 160 | J289: =G289*H289 -> 3735 | K289: =G289*I289 -> 1440 | L289: =J289-K289 -> 2295
